 Dungeon Sprint DCSS version 0.29-a0-837-g174bc33265 (webtiles) character file.

Game seed: 8790650346468581842

9485491 27snakeeyes612 the Conqueror (level 19, 37/186 HPs)
             Began as a Minotaur Berserker on July 13, 2022.
             Was a High Priest of Trog.
             Escaped with the Orb
             ... and 5 runes!
             The game lasted 00:27:43 (17608 turns).

27snakeeyes612 the Conqueror (Minotaur Berserker)  Turns: 17608, Time: 00:27:44

Health: 37/186     AC: 28    Str: 32    XL:     19   Next: 95%
Magic:  49/49      EV: 18    Int:  5    God:    Trog [*****.]
Gold:   1154       SH: 29    Dex: 11    Spells: 72/72 levels left

rFire   + + +      SeeInvis .   M - +3 eveningstar of Trog's Righteous Anger {vorpal, Fragile rF++}
rCold   . . .      Faith    .   s - +5 tower shield
rNeg    + . .      Spirit   .   K - +5 plate armour
rPois   +          Reflect  .   (helmet restricted)
rElec   .          Harm     .   U - +0 cloak {rPois}
rCorr   +          Rampage  +   N - +0 pair of gloves {Str+3}
Will    +....      NoTele   +   B - +0 pair of boots {rampage}
Stlth   +.........              P - amulet "Suverchi" {Acrobat Int+3}
HPRegen 0.41/turn               R - ring of the Falcon {rF+ Will+}
MPRegen 0.31/turn               w - ring "Fyitauc" {Fly rN+ Will- rCorr Slay+5}

@: flying, unable to read
A: horns 2, retaliatory headbutt, claws 1, deformed body, deterioration 1, dopey
1, frail 1, inability to read while threatened 2
0: Orb of Zot
}: 5/17 runes: decaying, serpentine, barnacled, silver, gossamer
a: Renounce Religion, Berserk, Trog's Hand, Brothers in Arms


You escaped.
You worshipped Trog.
Trog was extremely pleased with you.
You visited 1 branch You collected 2028 gold pieces.
You spent 874 gold pieces at shops.

Inventory:

Hand Weapons
 i - a +0 flail of holy wrath
 k - a +2 vorpal dire flail
 r - a +6 great mace of flaming
 v - a +6 antimagic great mace
 D - the +9 great mace "Ziec" {vorpal, rPois rF- Str+8 Stlth+}
   (Trog gifted it to you in the Dungeon)

   It inflicts extra damage upon your enemies.
   Str:       It affects your strength (+8).
   rF:        It makes you vulnerable to fire.
   rPois:     It protects you from poison.
   Stlth:     It makes you more stealthy.
 M - the +3 eveningstar of Trog's Righteous Anger (weapon) {vorpal, Fragile rF++}
   (Trog gifted it to you in the Dungeon)

   It inflicts extra damage upon your enemies.
   rF:        It greatly protects you from fire.
   Fragile:   It will be destroyed if unequipped.
 T - the +5 executioner's axe of Supply {vamp, rPois Int+5 SInv}
   (You found it in the Dungeon)

   It occasionally heals its wielder for a portion of the damage dealt when it
   wounds a living foe.
   Int:       It affects your intelligence (+5).
   rPois:     It protects you from poison.
   SInv:      It lets you see invisible.
Armour
 s - a +5 tower shield (worn)
 B - a +0 pair of boots of rampaging (worn)
 K - a +5 plate armour (worn)
 N - a +0 pair of gloves of strength (worn)
 U - a +0 cloak of poison resistance (worn)
Jewellery
 l - a +3 ring of strength
 m - a +3 ring of strength
 q - the ring "Qikinkipt" {rElec rN+ AC+3}
   (You found it in the Dungeon)

   [ring of protection]

   AC:        It affects your AC (+3).
   rElec:     It insulates you from electricity.
   rN:        It protects you from negative energy.
 w - the ring "Fyitauc" (right hand) {Fly rN+ Will- rCorr Slay+5}
   (You acquired it in the Dungeon)

   [ring of flight]

   Slay:      It affects your accuracy & damage with ranged weapons and melee
   (+5).
   rN:        It protects you from negative energy.
   Fly:       It grants you flight.
   rCorr:     It protects you from acid and corrosion.
   Will:      It decreases your willpower.
 x - a ring of protection from cold
 y - a ring of protection from fire
 z - a ring of protection from cold
 A - a ring of ice
 F - a +6 ring of dexterity
 G - a +6 ring of strength
 H - a +6 ring of strength
 I - a +4 ring of evasion
 J - a +4 ring of evasion
 P - the amulet "Suverchi" (around neck) {Acrobat Int+3}
   (You found it in the Dungeon)

   [amulet of the acrobat]

   It increases your evasion while moving and waiting.
   Int:       It affects your intelligence (+3).
 Q - the ring of the Immovable Lives {Drain Str+6 Int+3}
   (You found it in the Dungeon)

   [ring of intelligence]

   Str:       It affects your strength (+6).
   Int:       It affects your intelligence (+3).
   Drain:     It drains your maximum health when unequipped.
 R - the ring of the Falcon (left hand) {rF+ Will+}
   (You found it in the Dungeon)

   [ring of willpower]

   rF:        It protects you from fire.
   Will:      It increases your willpower.
 S - the ring "Nigut" {Ice Int+4}
   (You found it in the Dungeon)

   [ring of ice]

   It enhances your ice magic.
   Int:       It affects your intelligence (+4).
   rF:        It makes you vulnerable to fire.
   rC:        It protects you from cold.
Wands
 j - a wand of light (10)
 p - a wand of paralysis (12)
 C - a wand of flame (21)
Scrolls
 h - 5 scrolls of blinking
 n - 5 scrolls of fear
 o - 4 scrolls of enchant armour
 t - 5 scrolls of fog
 u - a scroll of identify
Potions
 a - 2 potions of invisibility
 b - 3 potions of might
 c - 9 potions of curing
 d - a potion of heal wounds
 e - 7 potions of haste
 f - 9 potions of magic
 g - 5 potions of berserk rage
 E - a potion of attraction
 L - a potion of degeneration {unknown}
 O - a potion of resistance {unknown}


   Skills:
 O Level 27 Fighting
 - Level 6.3(7.6) Short Blades
 - Level 7.0(8.3) Long Blades
 - Level 7.0(19.6) Axes
 O Level 27 Maces & Flails
 - Level 7.0(9.4) Polearms
 - Level 6.7(19.5) Staves
 - Level 6.0 Ranged Weapons
 - Level 5.6 Throwing
 O Level 27 Armour
 O Level 27 Dodging
 + Level 17.5 Stealth
 O Level 27 Shields
 - Level 6.0 Unarmed Combat
 O Level 27 Spellcasting
 - Level 5.4 Invocations
 O Level 27 Evocations


You had 72 spell levels left.
You didn't know any spells.
Your spell library was empty.

Dungeon Overview and Level Annotations

Branches:
Dungeon (1/1)

Altars:
Cheibriados
Dithmenos
Elyvilon
Fedhas
Gozag
Hepliaklqana
Kikubaaqudgha
Makhleb
Nemelex Xobeh
Okawaru
Qazlal
Ru
Sif Muna
Trog
Uskayaw
Vehumet
Wu Jian
Xom
Yredelemnul
Zin
The Shining One
Jiyva
Lugonu

Shops:
D ?*(!


Innate Abilities, Weirdness & Mutations

You have a pair of horns on your head.
You reflexively headbutt those who attack you in melee.
You have sharp fingernails.
Armour fits poorly on your strangely shaped body.
Your body sometimes deteriorates upon taking damage.
You are dopey. (Int -2)
You are frail. (-10% HP)
You sometimes lose the ability to read scrolls when taking damage.


Message History

You kill Ilusm!
Trog accepts your kill.
Something touches you but does no damage.
Your Stealth skill increases to level 17!
Something unexpectedly blocked you, preventing you from rampaging!
You hit something.
Something touches you but does no damage.
Something unexpectedly blocked you, preventing you from rampaging!
You impale something!!
The reaper hits you from afar with a +0 scythe of flaming!!
The reaper burns you.
Something conjures a glowing orb.
You block the orb of destruction.
You are too injured to fight recklessly!
You are too injured to fight recklessly!
You are too injured to fight recklessly!
You are too injured to fight recklessly!
You are too injured to fight recklessly!
You are too injured to fight recklessly!
You are too injured to fight recklessly!
You are too injured to fight recklessly!
You are too injured to fight recklessly!
You are too injured to fight recklessly!
You are too injured to fight recklessly!
You are too injured to fight recklessly!
You are too injured to fight recklessly!
You are too injured to fight recklessly!
Something unexpectedly blocked you, preventing you from rampaging!
You completely miss something. You block the reaper's attack.
Something touches you.
Something unexpectedly blocked you, preventing you from rampaging!
You barely miss something.
You hear some strange, mumbled words.
A bolt of cold appears from out of thin air!
The bolt of cold hits you!!!
* * * LOW HITPOINT WARNING * * *
You block the reaper's attack.
Something touches you but does no damage.
You block the reaper's attack.
You have escaped!

▓▓▓▓▓▓▓▓▓▓▓▓▓▓▓▓▓▓
...▓...▓...▓...▓@▓
.▓.▓.▓.▓.▓.▓.▓.▓{▓
.▓.▓.▓.▓.▓.▓.▓.▓2▓
.▓.▓.▓.▓.▓.▓.▓.▓.▓
.▓.▓.▓.▓.▓.▓.▓.▓)▓
.▓.▓.▓.▓.▓.▓.▓.▓.▓
.▓.▓.▓.▓.▓.▓.▓.▓.▓
.▓.▓.▓.▓)▓.▓'▓.▓)▓
)▓.▓.▓.▓.▓.▓.▓.▓.▓


You could see a reaper.

Vanquished Creatures
  A seraph (D)
  3 orbs of fire (D)
  Mennas (D)
  Mara (D)
  3 ancient liches (D)
  8 pandemonium lords (D)
  Sojobo (D)
  A Killer Klown (D)
  Frederick (D)
  Margery (D)
  Nikola (D)
  4 golden dragons (D)
  Jory (D)
  A bone dragon (D)
  2 electric golems (D)
  Rupert (D)
  3 tentacled monstrosities (D)
  27 Orb Guardians (D)
  2 Ice Fiends (D)
  A Hell Sentinel (D)
  5 liches (D)
  4 death cobs (D)
  A quicksilver dragon (D)
  An Executioner (D)
  3 sphinxes (D)
  8 shadow dragons (D)
  Kirke (D)
  3 tengu reavers (D)
  Ilsuiw (D)
  3 draconian monks (D)
  A storm dragon (D)
  5 fire giants (D)
  4 nagarajas (D)
  3 emperor scorpions (D)
  A draconian knight (D)
  A vault warden (D)
  A draconian stormcaller (D)
  An orc warlord (D)
  3 draconian scorchers (D)
  3 ghost moths (D)
  2 frost giants (D)
  Aizul (D)
  Louise (D)
  A balrug (D)
  2 cacodemons (D)
  An angel (D)
  2 draconian shifters (D)
  3 draconian annihilators (D)
  A war gargoyle (D)
  2 reapers (D)
  10 vampire knights (D)
  7 stone giants (D)
  3 ironbound preservers (D)
  4 black draconians (D)
  2 purple draconians (D)
  3 green draconians (D)
  A white draconian (D)
  Snorg (D)
  An entropy weaver (D)
  3 yellow draconians (D)
  An eleionoma (D)
  6 red draconians (D)
  3 bunyips (D)
  2 green deaths (D)
  5 merfolk javelineers (D)
  3 yaktaur captains (D)
  3 fire dragons (D)
  A merfolk impaler (D)
  3 great orbs of eyes (D)
  A shambling mangrove (D)
  2 ice dragons (D)
  Erolcha (D)
  2 hell beasts (D)
  A rakshasa (D)
  A peacekeeper (D)
  A spriggan air mage (D)
  11 hydras (D)
  A catoblepas (D)
  25 vault guards (D)
  2 boulder beetles (D)
  2 anacondas (D)
  A centaur warrior (D)
  A naga warrior (D)
  An ironbound frostheart (D)
  5 merfolk aquamancers (D)
  A tengu warrior (D)
  2 alligators (D)
  2 deep troll shamans (D)
  A spriggan berserker (D)
  2 deep troll earth magi (D)
  5 orc high priests (D)
  6 hell knights (D)
  2 sea snakes (D)
  A sixfirhy (D)
  2 soul eaters (D)
  A cherub (D)
  5 shadow demons (D)
  3 swamp dragons (D)
  2 large abominations (D)
  A naga ritualist (D)
  3 flayed ghosts (D)
  A spriggan druid (D)
  A phantasmal warrior (D)
  A wizard (D)
  A glowing orange brain (D)
  A necromancer (D)
  A harpy (D)
  5 ironbound convokers (D)
  7 moths of wrath (D)
  3 manticores (D)
  A salamander (D)
  3 orc sorcerers (D)
  2 cyclopes (D)
  2 wolf spiders (D)
  3 black mambas (D)
  An ugly thing (D)
  3 guardian serpents (D)
  3 toenail golems (D)
  4 naga magi (D)
  Joseph (D)
  5 vault sentinels (D)
  A rust devil (D)
  A water nymph (D)
  2 cane toads (D)
  A yaktaur (shapeshifter) (D)
  5 hellions (D)
  An orange demon (D)
  2 freezing wraiths (D)
  A yaktaur (D)
  A rime drake (D)
  2 komodo dragons (D)
  4 demonic crawlers (D)
  2 ice devils (D)
  4 red devils (D)
  2 hellwings (D)
  A merfolk (D)
  A troll (D)
  A guardian mummy (D)
  A tarantella (D)
  A hornet (D)
  2 slime creatures (D)
  2 blink frogs (D)
  A snapping turtle (D)
  3 jumping spiders (D)
  3 culicivoras (D)
  A water elemental (D)
  A ynoxinul (D)
  4 yaks (D)
  2 hogs (D)
  3 redbacks (D)
  A vampire mosquito (D)
  3 chaos spawn (D)
  A naga (D)
  5 wargs (D)
  A floating eye (D)
  A water moccasin (D)
  An acid dragon (D)
  11 orc warriors (D)
  3 wolves (D)
  A phantom (D)
  2 centaurs (D)
  A necrophage (D)
  5 bullfrogs (D)
  A gnoll sergeant (D)
  3 orc priests (D)
  4 orc wizards (D)
  2 gnolls (D)
  An adder (D)
  6 orcs (D)
  2 bats (D)
  An endoplasm (D)
  2 rats (D)
455 creatures vanquished.

Vanquished Creatures (collateral kills)
  8 Orb Guardians (D)
  2 nagarajas (D)
  A sphinx (D)
  A fire giant (D)
  A very ugly thing (D)
  A vampire knight (D)
  A stone giant (D)
  An ettin (D)
  A great orb of eyes (D)
  An ogre mage (D)
  A boulder beetle (D)
  A centaur warrior (D)
  A spriggan air mage (D)
  An orc high priest (D)
  A deep troll shaman (D)
  A spriggan berserker (D)
  A hell knight (D)
  An orc knight (D)
  A moth of wrath (D)
  2 cyclopes (D)
  A tengu conjurer (D)
  A blink frog (shapeshifter) (D)
  3 orcs (D)
34 creatures vanquished.

Vanquished Creatures (others)
  A bloated husk (D)
  3 humans (D)
  An orc (D)
  2 ball lightnings (D)
7 creatures vanquished.

Grand Total: 496 creatures vanquished

Notes
Turn   | Place    | Note
-------+----------+-------------------------------------------
     0 | D        | 27snakeeyes612 the Minotaur Berserker began the quest for
                  | the Orb.
     0 | D        | Reached XP level 1. HP: 19/19 MP: 0/0
    11 | D        | Reached ** piety under Trog
    12 | D        | Reached skill level 5 in Maces & Flails
    12 | D        | Reached XP level 2. HP: 28/28 MP: 1/1
    13 | D        | Reached skill level 5 in Fighting
    23 | D        | Noticed a centaur
    23 | D        | Noticed a necrophage
    23 | D        | Noticed a phantom
    31 | D        | Killed a centaur
    32 | D        | Reached XP level 3. HP: 35/39 MP: 2/2
    32 | D        | Reached XP level 4. HP: 42/47 MP: 3/3
    32 | D        | Killed a necrophage
    32 | D        | Reached *** piety under Trog
    33 | D        | Reached XP level 5. HP: 52/56 MP: 4/4
    37 | D        | Killed a phantom
    38 | D        | Reached skill level 10 in Maces & Flails
    38 | D        | Reached skill level 5 in Armour
   106 | D        | Found a snail-covered altar of Cheibriados.
   106 | D        | Found a shadowy altar of Dithmenos.
   106 | D        | Found a white marble altar of Elyvilon.
   106 | D        | Found a blossoming altar of Fedhas.
   106 | D        | Found an opulent altar of Gozag.
   107 | D        | Found a hazy altar of Hepliaklqana.
   108 | D        | Found a viscous altar of Jiyva.
   109 | D        | Found an ancient bone altar of Kikubaaqudgha.
   110 | D        | Found a corrupted altar of Lugonu.
   111 | D        | Found a burning altar of Makhleb.
   112 | D        | Found a sparkling altar of Nemelex Xobeh.
   113 | D        | Found an iron altar of Okawaru.
   114 | D        | Found a stormy altar of Qazlal.
   115 | D        | Found a sacrificial altar of Ru.
   116 | D        | Found a shimmering blue altar of Sif Muna.
   117 | D        | Found a bloodstained altar of Trog.
   118 | D        | Found a hide-covered altar of Uskayaw.
   119 | D        | Found a radiant altar of Vehumet.
   120 | D        | Found an ornate altar of the Wu Jian Council.
   121 | D        | Found a shimmering altar of Xom.
   122 | D        | Found a basalt altar of Yredelemnul.
   123 | D        | Found a glowing silver altar of Zin.
   124 | D        | Found a glowing golden altar of the Shining One.
   180 | D        | Noticed a yak
   180 | D        | Noticed a vampire mosquito
   180 | D        | Noticed a centaur
   180 | D        | Noticed a yak
   180 | D        | Noticed a troll
   185 | D        | Killed a yak
   186 | D        | Reached skill level 5 in Dodging
   186 | D        | Reached XP level 6. HP: 68/68 MP: 5/5
   192 | D        | Killed a vampire mosquito
   192 | D        | Reached **** piety under Trog
   193 | D        | Reached XP level 7. HP: 74/74 MP: 6/6
   201 | D        | Killed a yak
   203 | D        | Killed a troll
   203 | D        | Reached ***** piety under Trog
   204 | D        | Reached XP level 8. HP: 79/86 MP: 7/7
   238 | D        | Noticed a manticore
   238 | D        | Noticed a brown ugly thing
   238 | D        | Noticed a yaktaur
   238 | D        | Noticed a cyclops
   238 | D        | Noticed a manticore
   238 | D        | Noticed a catoblepas
   241 | D        | Killed a manticore
   242 | D        | Reached skill level 15 in Maces & Flails
   245 | D        | Killed a brown ugly thing
   251 | D        | Killed a yaktaur
   252 | D        | Reached skill level 15 in Fighting
   252 | D        | Reached XP level 9. HP: 83/97 MP: 8/8
   253 | D        | Killed a cyclops
   253 | D        | Received a gift from Trog
   266 | D        | Killed a manticore
   281 | D        | Killed a catoblepas
   282 | D        | Reached skill level 1 in Stealth
   563 | D        | Noticed Joseph
   571 | D        | Killed Joseph
   721 | D        | Found the +5 glaive of the Guard {elec, spectral, AC+5}
   744 | D        | Noticed a cane toad
   744 | D        | Noticed a cane toad
   751 | D        | Reached XP level 10. HP: 111/111 MP: 9/9
   752 | D        | Noticed a five-headed hydra
   754 | D        | Killed a cane toad
   757 | D        | Killed a cane toad
   757 | D        | Received a gift from Trog
   758 | D        | Reached skill level 10 in Armour
   764 | D        | Killed a five-headed hydra
  1193 | D        | Noticed a boulder beetle
  1202 | D        | Killed a boulder beetle
  1203 | D        | Noticed a boulder beetle
  1210 | D        | Received a gift from Trog
  1243 | D        | Killed a boulder beetle
  1243 | D        | Reached ****** piety under Trog
  1244 | D        | Reached XP level 11. HP: 40/121 MP: 10/10
  1541 | D        | Received a gift from Trog
  1683 | D        | Received a gift from Trog
  1694 | D        | Received a gift from Trog
  1942 | D        | Noticed an orc high priest
  1948 | D        | Noticed an orc sorcerer
  1959 | D        | Killed an orc high priest
  1961 | D        | Received a gift from Trog
  1972 | D        | Killed an orc sorcerer
  1985 | D        | Received a gift from Trog
  2249 | D        | Found Cibb's Magic Scroll Emporium.
  2249 | D        | Noticed an orc sorcerer
  2249 | D        | Noticed an orc knight
  2250 | D        | Noticed an orc high priest
  2257 | D        | Killed an orc sorcerer
  2258 | D        | Found Lam Kaka's Assorted Antiques.
  2277 | D        | Killed an orc knight
  2278 | D        | Reached skill level 15 in Armour
  2281 | D        | Killed an orc high priest
  2370 | D        | Noticed an orc high priest
  2380 | D        | Killed an orc high priest
  2380 | D        | Received a gift from Trog
  2629 | D        | Found Ruvoastusad's Antique Weapon Emporium.
  2633 | D        | Found Boaxo's Distillery.
  2635 | D        | Noticed an orc high priest
  2636 | D        | Noticed an orc sorcerer
  2637 | D        | Noticed an orc high priest
  2638 | D        | Noticed an orc high priest
  2640 | D        | Noticed a sun demon
  2641 | D        | Killed an orc high priest
  2645 | D        | Noticed a sun demon
  2651 | D        | Killed an orc sorcerer
  2661 | D        | Noticed a sun demon
  2662 | D        | Killed an orc high priest
  2667 | D        | Killed an orc high priest
  2868 | D        | Bought 2 potions of heal wounds for 110 gold pieces
  2868 | D        | Bought a potion of might for 44 gold pieces
  2868 | D        | Bought a potion of might for 44 gold pieces
  2881 | D        | Bought a scroll of acquirement for 676 gold pieces
  2881 | D        | Acquired the ring "Fyitauc" {Fly rN+ Will- rCorr Slay+5}
  3049 | D        | Noticed a centaur warrior
  3049 | D        | Noticed a fire dragon
  3049 | D        | Noticed an ogre mage
  3049 | D        | Noticed a centaur warrior
  3055 | D        | Killed a centaur warrior
  3061 | D        | Received a gift from Trog
  3062 | D        | Reached XP level 12. HP: 136/136 MP: 3/11
  3062 | D        | Noticed a boulder beetle
  3065 | D        | Noticed an ettin
  3067 | D        | Killed a fire dragon
  3072 | D        | Killed an ogre mage
  3076 | D        | Killed a centaur warrior
  3082 | D        | Killed an ettin
  3084 | D        | Received a gift from Trog
  3085 | D        | Noticed a deep troll shaman
  3088 | D        | Killed a deep troll shaman
  3088 | D        | Noticed a stone giant
  3089 | D        | Killed a stone giant
  3098 | D        | Killed a boulder beetle
  3128 | D        | Noticed a fire giant
  3136 | D        | Killed a fire giant
  3305 | D        | Noticed a lich
  3312 | D        | Killed a lich
  3417 | D        | Noticed Kirke
  3426 | D        | Killed Kirke
  3494 | D        | Received a gift from Trog
  3501 | D        | HP: 4/140 [cyclops/large rock (27)]
  3505 | D        | Reached XP level 13. HP: 29/148 MP: 4/12
  4146 | D        | Received a gift from Trog
  4251 | D        | Noticed a bunyip
  4251 | D        | Noticed a bunyip
  4251 | D        | Noticed an eleionoma
  4254 | D        | Killed an eleionoma
  4260 | D        | Received a gift from Trog
  4265 | D        | Killed a bunyip
  4270 | D        | Killed a bunyip
  4279 | D        | Received a gift from Trog
  4385 | D        | Killed a ghost moth
  4385 | D        | Received a gift from Trog
  4445 | D        | Noticed an entropy weaver
  4455 | D        | Killed an entropy weaver
  4591 | D        | Noticed Erolcha
  4597 | D        | Killed Erolcha
  4642 | D        | Noticed Aizul
  4653 | D        | Killed Aizul
  4653 | D        | Identified the +9 great mace "Ziec" {vorpal, rPois rF-
                  | Str+8 Stlth+} (Trog gifted it to you in the Dungeon)
  4653 | D        | Received a gift from Trog
  4926 | D        | Noticed a stone giant
  4926 | D        | Noticed a stone giant
  4926 | D        | Noticed a fire giant
  4934 | D        | Killed a stone giant
  4935 | D        | Noticed a purple very ugly thing
  4936 | D        | Noticed a vampire knight
  4937 | D        | Killed a stone giant
  4948 | D        | Killed a fire giant
  4965 | D        | Killed a vampire knight
  4965 | D        | Received a gift from Trog
  4971 | D        | Killed a purple very ugly thing
  4972 | D        | Reached XP level 14. HP: 48/166 MP: 4/13
  5138 | D        | Noticed a fire giant
  5143 | D        | Killed a fire giant
  5144 | D        | Reached skill level 27 in Fighting
  5147 | D        | Received a gift from Trog
  5161 | D        | Reached skill level 27 in Maces & Flails
  5511 | D        | Paralysed by a floating eye for 3 turns
  5517 | D        | Noticed a fire giant
  5519 | D        | Noticed a frost giant
  5522 | D        | Killed a fire giant
  5523 | D        | Noticed a stone giant
  5530 | D        | Killed a frost giant
  5536 | D        | Killed a stone giant
  6063 | D        | Received a gift from Trog
  6069 | D        | Noticed an orc warlord
  6078 | D        | Received a gift from Trog
  6083 | D        | Killed an orc warlord
  6092 | D        | Noticed a sphinx
  6094 | D        | Identified the +3 executioner's axe "Xicus" {vorpal, +Blink
                  | rPois} (Trog gifted it to you in the Dungeon)
  6094 | D        | Received a gift from Trog
  6098 | D        | Reached skill level 27 in Armour
  6103 | D        | Killed a sphinx
  6104 | D        | Reached skill level 1 in Short Blades
  6104 | D        | Reached skill level 1 in Long Blades
  6104 | D        | Reached skill level 1 in Axes
  6104 | D        | Reached skill level 1 in Polearms
  6104 | D        | Reached skill level 1 in Staves
  6104 | D        | Reached skill level 1 in Ranged Weapons
  6104 | D        | Reached skill level 1 in Shields
  6107 | D        | Reached skill level 1 in Throwing
  6107 | D        | Reached skill level 1 in Unarmed Combat
  6107 | D        | Reached skill level 1 in Invocations
  6107 | D        | Reached skill level 1 in Evocations
  6108 | D        | Noticed a vault warden
  6117 | D        | Received a gift from Trog
  6118 | D        | Reached skill level 10 in Dodging
  6121 | D        | Killed a vault warden
  6129 | D        | Received a gift from Trog
  6373 | D        | Noticed a tengu reaver
  6373 | D        | Noticed a tengu reaver
  6374 | D        | Noticed Sojobo
  6380 | D        | Killed a tengu reaver
  6381 | D        | Reached skill level 5 in Stealth
  6388 | D        | Killed a tengu reaver
  6388 | D        | Received a gift from Trog
  6398 | D        | Killed Sojobo
  6604 | D        | Noticed Mennas
  6624 | D        | Killed Mennas
  6625 | D        | Reached skill level 15 in Dodging
  6995 | D        | Noticed Louise
  7010 | D        | Killed Louise
  7210 | D        | Noticed Mara
  7216 | D        | Noticed 27snakeeyes612's illusion
  7223 | D        | Killed Mara
  7224 | D        | Reached XP level 15. HP: 158/174 MP: 15/15
  7254 | D        | Noticed a nagaraja
  7254 | D        | Noticed a nagaraja
  7254 | D        | Noticed a nagaraja
  7258 | D        | Killed a nagaraja
  7258 | D        | Received a gift from Trog
  7261 | D        | Killed a nagaraja
  7263 | D        | Noticed a nagaraja
  7268 | D        | Noticed a nagaraja
  7271 | D        | Killed a nagaraja
  7271 | D        | Received a gift from Trog
  7276 | D        | Killed a nagaraja
  7280 | D        | Killed a nagaraja
  7283 | D        | Received a gift from Trog
  7283 | D        | Noticed a nagaraja
  7291 | D        | Killed a nagaraja
  7295 | D        | Identified the +10 battleaxe of Pyromania {flame, rC- rN++
                  | Str-2 Dex+10} (Trog gifted it to you in the Dungeon)
  7295 | D        | Received a gift from Trog
  7438 | D        | Received a gift from Trog
  7448 | D        | Got a decaying rune of Zot
  7459 | D        | Noticed Ilsuiw
  7462 | D        | Received a gift from Trog
  7487 | D        | Killed Ilsuiw
  7487 | D        | Received a gift from Trog
  7507 | D        | Received a gift from Trog
  7522 | D        | Got a barnacled rune of Zot
  7756 | D        | Noticed an emperor scorpion
  7756 | D        | Noticed an emperor scorpion
  7768 | D        | Killed an emperor scorpion
  7770 | D        | Noticed an emperor scorpion
  7774 | D        | Killed an emperor scorpion
  7778 | D        | Received a gift from Trog
  7789 | D        | Killed an emperor scorpion
  7790 | D        | Reached skill level 27 in Dodging
  7874 | D        | Got a gossamer rune of Zot
  7925 | D        | Noticed Nikola
  7933 | D        | Killed Nikola
  7933 | D        | Received a gift from Trog
  7998 | D        | Received a gift from Trog
  7999 | D        | Reached XP level 16. HP: 138/183 MP: 17/17
  8002 | D        | Reached skill level 5 in Long Blades
  8002 | D        | Reached skill level 5 in Axes
  8002 | D        | Reached skill level 5 in Polearms
  8006 | D        | Reached skill level 5 in Staves
  8006 | D        | Reached skill level 5 in Shields
  8017 | D        | Reached skill level 5 in Short Blades
  8022 | D        | Reached skill level 5 in Ranged Weapons
  8022 | D        | Reached skill level 5 in Unarmed Combat
  8024 | D        | Received a gift from Trog
  8031 | D        | Reached skill level 5 in Throwing
  8039 | D        | Reached skill level 5 in Invocations
  8290 | D        | Identified the +3 eveningstar of Trog's Righteous Anger
                  | {vorpal, Fragile rF++} (Trog gifted it to you in the
                  | Dungeon)
  8290 | D        | Received a gift from Trog
  8295 | D        | Reached skill level 5 in Evocations
  8459 | D        | Got a serpentine rune of Zot
  9126 | D        | Noticed a golden dragon
  9137 | D        | Killed a golden dragon
  9137 | D        | Received a gift from Trog
  9147 | D        | Noticed a shadow dragon
  9148 | D        | Noticed a tengu reaver
  9153 | D        | Received a gift from Trog
  9161 | D        | Reached skill level 15 in Shields
  9161 | D        | Noticed a shadow dragon
  9165 | D        | Killed a shadow dragon
  9169 | D        | Killed a tengu reaver
  9169 | D        | Received a gift from Trog
  9171 | D        | Noticed a sphinx
  9171 | D        | Noticed an Orb Guardian
  9171 | D        | Noticed a lich
  9171 | D        | Noticed an Orb Guardian
  9173 | D        | Killed a shadow dragon
  9180 | D        | Killed a lich
  9185 | D        | Noticed a sphinx
  9185 | D        | Killed an Orb Guardian
  9186 | D        | Noticed a sphinx
  9241 | D        | Killed a sphinx
  9241 | D        | Received a gift from Trog
  9306 | D        | Killed an Orb Guardian
  9309 | D        | Killed a sphinx
  9638 | D        | Killed a sphinx
  9706 | D        | Noticed a shadow dragon
  9706 | D        | Noticed a quicksilver dragon
  9706 | D        | Noticed a shadow dragon
  9706 | D        | Noticed a shadow dragon
  9710 | D        | Killed a shadow dragon
  9712 | D        | Identified the +7 quarterstaff "Giantbane" {vorpal, Int+4}
  9714 | D        | Killed a quicksilver dragon
  9715 | D        | Killed a shadow dragon
  9721 | D        | Received a gift from Trog
  9722 | D        | Identified the +8 hand axe of the Thirsty Artists {venom,
                  | rElec Will- Int+4}
  9727 | D        | Killed a shadow dragon
  9733 | D        | Got a silver rune of Zot
  9900 | D        | Noticed Rupert
  9902 | D        | Noticed Snorg
  9907 | D        | Killed Rupert
  9910 | D        | Killed Snorg
  9942 | D        | Noticed Jory
  9950 | D        | Killed Jory
  9950 | D        | Received a gift from Trog
 10032 | D        | Got the ring "Qikinkipt" {rElec rN+ AC+3}
 10034 | D        | Got the amulet "Suverchi" {Acrobat Int+3}
 10036 | D        | Got the ring of the Immovable Lives {Drain Str+6 Int+3}
 10038 | D        | Got the ring of the Falcon {rF+ Will+}
 10042 | D        | Got the ring "Nigut" {Ice Int+4}
 10049 | D        | Got the +5 executioner's axe of Supply {vamp, rPois Int+5
                  | SInv}
 10191 | D        | Noticed Frederick
 10195 | D        | Killed Frederick
 10197 | D        | Noticed Margery
 10203 | D        | Reached XP level 17. HP: 147/191 MP: 20/20
 10210 | D        | Reached skill level 27 in Shields
 10213 | D        | Killed Margery
 10213 | D        | Received a gift from Trog
 10399 | D        | Reached skill level 10 in Evocations
 10399 | D        | Received a gift from Trog
 10444 | D        | Noticed a golden dragon
 10444 | D        | Noticed a bone dragon
 10448 | D        | Killed a golden dragon
 10448 | D        | Received a gift from Trog
 10460 | D        | Killed a bone dragon
 10473 | D        | Reached skill level 15 in Evocations
 10479 | D        | Received a gift from Trog
 10663 | D        | Received a gift from Trog
 10677 | D        | Received a gift from Trog
 10716 | D        | Received a gift from Trog
 11192 | D        | Noticed a tentacled monstrosity
 11195 | D        | Killed a tentacled monstrosity
 11200 | D        | Received a gift from Trog
 11222 | D        | Received a gift from Trog
 11388 | D        | Received a gift from Trog
 11390 | D        | Noticed a tentacled monstrosity
 11397 | D        | Received a gift from Trog
 11399 | D        | Killed a tentacled monstrosity
 11573 | D        | Noticed an Orb Guardian
 11573 | D        | Noticed an Orb Guardian
 11573 | D        | Noticed an Orb Guardian
 11573 | D        | Noticed an Orb Guardian
 11573 | D        | Noticed an Orb Guardian
 11573 | D        | Noticed an Orb Guardian
 11579 | D        | Killed an Orb Guardian
 11581 | D        | Killed an Orb Guardian
 11587 | D        | Killed an Orb Guardian
 11591 | D        | Killed an Orb Guardian
 11593 | D        | Killed an Orb Guardian
 11594 | D        | Reached XP level 18. HP: 200/200 MP: 21/21
 11595 | D        | Noticed an Orb Guardian
 11596 | D        | Killed an Orb Guardian
 11597 | D        | Noticed an Orb Guardian
 11600 | D        | Killed an Orb Guardian
 11604 | D        | Killed an Orb Guardian
 11615 | D        | Noticed an Orb Guardian
 11616 | D        | Noticed an Orb Guardian
 11619 | D        | Killed an Orb Guardian
 11623 | D        | Killed an Orb Guardian
 11674 | D        | Noticed an Orb Guardian
 11674 | D        | Noticed an Orb Guardian
 11674 | D        | Noticed a golden dragon
 11679 | D        | Received a gift from Trog
 11680 | D        | Reached skill level 27 in Evocations
 11680 | D        | Reached skill level 1 in Spellcasting
 11687 | D        | Killed an Orb Guardian
 11693 | D        | Killed an Orb Guardian
 11694 | D        | Reached skill level 5 in Spellcasting
 11697 | D        | Killed a golden dragon
 11697 | D        | Received a gift from Trog
 11706 | D        | Noticed an Orb Guardian
 11711 | D        | Killed an Orb Guardian
 11988 | D        | Noticed an Orb Guardian
 11994 | D        | Killed an Orb Guardian
 12075 | D        | Noticed an ancient lich
 12078 | D        | Killed an ancient lich
 12079 | D        | Reached skill level 10 in Spellcasting
 12081 | D        | Noticed an orb of fire
 12081 | D        | Gained mutation: You have sharp fingernails. [an orb of
                  | fire]
 12086 | D        | Gained mutation: Your body sometimes deteriorates upon
                  | taking damage. [an orb of fire]
 12087 | D        | Killed an orb of fire
 12447 | D        | Noticed an electric golem
 12455 | D        | Killed an electric golem
 12466 | D        | Noticed a Killer Klown
 12466 | D        | Noticed an electric golem
 12466 | D        | Noticed an ancient lich
 12466 | D        | Noticed an ancient lich
 12468 | D        | Noticed an orb of fire
 12475 | D        | Killed a Killer Klown
 12482 | D        | Killed an ancient lich
 12492 | D        | Killed an ancient lich
 12503 | D        | Gained mutation: You are dopey. (Int -2) [an orb of fire]
 12505 | D        | Killed an electric golem
 12506 | D        | Reached skill level 15 in Spellcasting
 12516 | D        | Gained mutation: Armour fits poorly on your strangely
                  | shaped body. [an orb of fire]
 12523 | D        | Killed an orb of fire
 12827 | D        | Noticed an orb of fire
 12828 | D        | Noticed an Orb Guardian
 12829 | D        | Noticed a golden dragon
 12829 | D        | Noticed a tentacled monstrosity
 12831 | D        | Gained mutation: You occasionally lose the ability to read
                  | scrolls when taking damage. [an orb of fire]
 12840 | D        | Gained mutation: You sometimes lose the ability to read
                  | scrolls when taking damage. [an orb of fire]
 12843 | D        | Killed an orb of fire
 12852 | D        | Killed an Orb Guardian
 12856 | D        | Killed a golden dragon
 12862 | D        | Killed a tentacled monstrosity
 13070 | D        | Noticed an Orb Guardian
 13070 | D        | Noticed an Orb Guardian
 13070 | D        | Noticed an Orb Guardian
 13070 | D        | Noticed an Orb Guardian
 13070 | D        | Noticed an Orb Guardian
 13078 | D        | Killed an Orb Guardian
 13083 | D        | Killed an Orb Guardian
 13085 | D        | Killed an Orb Guardian
 13090 | D        | Killed an Orb Guardian
 13093 | D        | Killed an Orb Guardian
 13096 | D        | Noticed an Orb Guardian
 13096 | D        | Noticed an Orb Guardian
 13097 | D        | Noticed an Orb Guardian
 13098 | D        | Noticed an Orb Guardian
 13103 | D        | Killed an Orb Guardian
 13110 | D        | Killed an Orb Guardian
 13113 | D        | Killed an Orb Guardian
 13116 | D        | Killed an Orb Guardian
 13119 | D        | Noticed an Orb Guardian
 13125 | D        | Killed an Orb Guardian
 13322 | D        | Noticed a lich
 13333 | D        | Reached XP level 19. HP: 151/207 MP: 42/42
 13376 | D        | Paralysed by something for 2 turns
 13382 | D        | Paralysed by something for 2 turns
 13393 | D        | Paralysed by something for 3 turns
 13398 | D        | Paralysed by a vampire knight for 4 turns
 13831 | D        | Got the Orb of Zot
 14134 | D        | Noticed Boto the pandemonium lord
 14148 | D        | Killed Boto the pandemonium lord
 14788 | D        | Received a gift from Trog
 14826 | D        | Noticed Uplel the pandemonium lord
 14850 | D        | Killed Uplel the pandemonium lord
 14928 | D        | Noticed a seraph
 14950 | D        | Killed a seraph
 15108 | D        | Noticed Upnicaa the pandemonium lord
 15142 | D        | Killed Upnicaa the pandemonium lord
 15184 | D        | Gained mutation: You are frail. (-10% HP) [a cacodemon]
 15251 | D        | Noticed Cimamul the pandemonium lord
 15263 | D        | Killed Cimamul the pandemonium lord
 15593 | D        | Noticed Emum the pandemonium lord
 15600 | D        | Killed Emum the pandemonium lord
 15601 | D        | Reached skill level 27 in Spellcasting
 15606 | D        | Reached skill level 10 in Stealth
 15810 | D        | Noticed Xehiplej the pandemonium lord
 15813 | D        | Received a gift from Trog
 16076 | D        | Noticed Tuot the pandemonium lord
 16096 | D        | Killed Tuot the pandemonium lord
 16296 | D        | Reached skill level 15 in Stealth
 16339 | D        | Received a gift from Trog
 16392 | D        | Noticed Aro Ziet the pandemonium lord
 16401 | D        | Killed Aro Ziet the pandemonium lord
 16422 | D        | Received a gift from Trog
 17586 | D        | Noticed Ilusm the pandemonium lord
 17602 | D        | Killed Ilusm the pandemonium lord
 17608 | D        | Escaped with the Orb!

Illustrated notes

Levels and vault maps discovered:
D:        linesprint [early_d, line_temple, items_1, d_10, items_2, lair_1,
          lair_end, items_3, orc_1, orc_end, items_4, d_15, swamp_1, shoals_1,
          snake_1, spider_1, d_20, vaults_1, items_5, swamp_end, shoals_end,
          snake_end, spider_end, vaults_end, d_27, items_6, zot_1, zot_end,
          crypt_end, forest_end, elf_end, slime_end, tomb_end, abyss_end,
          pan_hell_end]

Skill      XL: |  1  2  3  4  5  6  7  8  9 10 11 12 13 14 15 16 17 18 19 |
---------------+----------------------------------------------------------+-----
Fighting       | 4 7 8 11 13 15 17 18 21 23 26 27 | 27.0
Maces & Flails | 5 7 8 11 12 14 16 18 20 22 23 26 27 | 27.0
Armour         | 4 5 6 7 8 9 12 17 20 22 27 | 27.0
Dodging        | 3 4 5 6 7 8 9 17 27 | 27.0
Stealth        | 1 3 4 5 6 17 | 17.5
Short Blades   | 2 4 6 |  6.3
Long Blades    | 3 4 7 |  7.0
Axes           | 3 4 7 |  7.0
Polearms       | 3 4 7 |  7.0
Staves         | 3 4 6 |  6.7
Ranged Weapons | 2 4 6 |  6.0
Shields        | 3 4 26 27 | 27.0
Throwing       | 2 4 5 |  5.6
Unarmed Combat | 2 4 6 |  6.0
Invocations    | 2 3 5 |  5.4
Evocations     | 2 3 5 25 27 | 27.0
Spellcasting   | 20 27 | 27.0

Action                   |  1- 3 |  4- 6 |  7- 9 | 10-12 | 13-15 | 16-18 | 19-21 || total
-------------------------+-------+-------+-------+-------+-------+-------+-------++-------
Melee: Mace              |    10 |       |       |       |       |       |       ||    10
       Flail             |     5 |     4 |       |       |       |       |       ||     9
       Headbutt          |     1 |     2 |     8 |    38 |    84 |   125 |    84 ||   342
       Dire flail        |       |    11 |    43 |   102 |       |       |       ||   156
       Great mace        |       |       |       |   127 |   367 |   392 |       ||   886
       Eveningstar       |       |       |       |       |       |   149 |   343 ||   492
       Punch             |       |       |       |       |       |     3 |       ||     3
Invok: Berserk           |     1 |     1 |     1 |     1 |     6 |    10 |     3 ||    23
       Trog's Hand       |     1 |       |       |     4 |    13 |    16 |     7 ||    41
       Brothers in Arms  |       |       |       |     4 |     8 |    10 |     2 ||    24
  Use: Scroll            |       |       |       |     7 |     1 |     3 |       ||    11
       Potion            |       |       |       |     6 |     1 |     1 |    14 ||    22
 Stab: Petrified         |       |       |     2 |       |       |       |       ||     2
Armor: Animal skin       |     4 |       |       |       |       |       |       ||     4
       Plate armour      |       |     5 |    16 |    70 |   200 |   186 |    75 ||   552
Dodge: Dodged            |     9 |     7 |     8 |    57 |   160 |   205 |    70 ||   516
Block: Tower shield      |       |       |       |       |       |    82 |   254 ||   336

Table legend: (Time is in decaauts) A = Elapsed time spent in this place. B = Non-inter-level travel time spent in this place. C = Inter-level travel time spent in this place. D = Time resting spent in this place. E = Time spent auto-exploring this place. F = Levels seen in this place. G = Mean time per level. A B C D E F G +--------+--------+--------+--------+--------+-----+--------+ Total | 17346 | 15906 | 1440 | 9131 | 3035 | 1 | 17346.0 | Dungeon | 17346 | 15906 | 1440 | 9131 | 3035 | 1 | 17346.0 | +--------+--------+--------+--------+--------+-----+--------+

Top non-repeatable levels by time:
       D: 17346 daAuts
